 Dungeon Crawl Stone Soup version 0.31-a0-819-gf6de2f5ab6 (webtiles) character file.

Game seed: 11869578139377664796

443 miscthings the Gusty (level 7, 0/50 HPs)
             Began as a Gnoll Wanderer on Sept 24, 2023.
             Slain by a hound (4 damage)
             ... on level 5 of the Dungeon.
             The game lasted 00:10:03 (3055 turns).

miscthings the Gusty (Gnoll Wanderer)               Turns: 3055, Time: 00:10:04

Health: 0/50       AC:  3    Str: 13    XL:     7   Next: 2%
Magic:  0/12       EV: 12    Int: 14    God:
Gold:   198        SH:  0    Dex:  9    Spells: 5/13 levels left

rFire   . . .        t - staff of conjuration
rCold   + . .        (no shield)
rNeg    . . .        f - +0 robe
rPois   .            (no helmet)
rElec   .            (no cloak)
rCorr   .            (no gloves)
SInv    .            d - +0 pair of boots
Will    .....        n - amulet of the acrobat
Stlth   ++           y - ring of protection from cold
HPRegen 0.28/turn    (no ring)
MPRegen 0.13/turn

%: acrobat
@: no status effects
A: fangs 1, strong nose, distributed training
a: no special abilities


You were on level 5 of the Dungeon.
You visited 1 branch of the dungeon, and saw 5 of its levels.

You collected 198 gold pieces.

Inventory:

Hand Weapons
 i - a +0 dagger
Missiles
 k - 2 throwing nets
Armour
 c - a +0 ring mail
 d - a +0 pair of boots (worn)
 f - a +0 robe (worn)
Magical Staves
 t - a staff of conjuration (weapon)
Jewellery
 n - an amulet of the acrobat (around neck)
 y - a ring of protection from cold (left hand)
 B - an amulet of faith
Wands
 r - a wand of flame (24)
Scrolls
 a - a scroll of enchant weapon {unknown}
 b - 2 scrolls of blinking
 e - a scroll of revelation
 g - 2 scrolls of teleportation
 m - a scroll of vulnerability
 o - a scroll of amnesia {unknown}
 p - a scroll of noise {unknown}
 q - a scroll of enchant armour {unknown}
 u - a scroll of fog {unknown}
 z - a scroll of poison {unknown}
Potions
 h - 2 potions of curing
 j - a potion of lignification
 l - a potion of heal wounds
 s - a potion of magic
 v - a potion of haste {unknown}
 w - a potion of enlightenment {unknown}
 x - a potion of berserk rage {unknown}
 A - a potion of degeneration {unknown}


   Skills:
 + Level 2.2 Fighting
 + Level 2.2 Short Blades
 + Level 2.2 Long Blades
 + Level 2.2 Axes
 + Level 2.2 Maces & Flails
 + Level 2.2 Polearms
 + Level 2.2 Staves
 + Level 2.2 Ranged Weapons
 + Level 2.2 Throwing
 + Level 3.4 Armour
 + Level 3.4 Dodging
 + Level 4.7 Stealth
 + Level 2.2 Shields
 + Level 2.2 Unarmed Combat
 + Level 3.6 Spellcasting
 + Level 1.8 Conjurations
 + Level 1.8 Hexes
 + Level 1.8 Summonings
 + Level 1.8 Necromancy
 + Level 2.8 Translocations
 + Level 1.8 Transmutations
 + Level 1.8 Fire Magic
 + Level 1.8 Ice Magic
 + Level 7.3 Air Magic
 + Level 1.8 Earth Magic
 + Level 1.8 Poison Magic
 + Level 2.5 Invocations
 + Level 2.2 Evocations
 + Level 2.0 Shapeshifting


You had 5 spell levels left.
You knew the following spells:

 Your Spells              Type           Power      Damage    Failure   Level
a - Shock                 Conj/Air       92%        1d8       3%          1
b - Swiftness             Air            23%        N/A       3%          3
c - Airstrike             Air            11%        2d(2-18)  10%         4

Your spell library contained the following spells:

 Spells                   Type           Power      Damage    Failure   Level
 Apportation              Tloc           20%        N/A       6%          1
 Blink                    Tloc           20%        N/A       10%         2
 Ensorcelled Hibernation  Hex/Ice        14%        N/A       14%         2
 Passwall                 Tmut/Erth      5%         N/A       14%         2
 Teleport Other           Tloc           10%        N/A       19%         3
 Vhi's Electric Charge    Tloc/Air       32%        N/A       24%         4
 Frozen Ramparts          Ice            14%        1d3       28%         3
 Summon Lightning Spire   Summ/Air       15%        N/A       30%         4
 Manifold Assault         Tloc           10%        N/A       52%         4
 Petrify                  Tmut/Erth      7%         N/A       67%         4
 Metabolic Englaciation   Hex/Ice        3%         N/A       95%         5


Dungeon Overview and Level Annotations

Branches:
Dungeon (5/15)
 Temple: D:4-7

Altars:
Hepliaklqana
Qazlal


Innate Abilities, Weirdness & Mutations

You have very sharp teeth.
Your uncanny sense of smell can sniff out nearby items.
Your experience applies equally to all skills.


Message History

You closely miss the hound.
The hound is heavily wounded.
The hound barely misses you. The hound bites you.
Casting: Shock (safe; 3% risk of failure)
Confirm with . or Enter, or press ? or * to list all spells.
Aiming: Shock (safe; 3% risk of failure)
Press: ? - help, Shift-Dir - straight line You feel a surge of power!
The zap misses the hound.
The zap hits the hound.
The hound is almost dead.
The hound closely misses you.
You closely miss the hound.
The hound is almost dead.
The hound bites you.
* * * LOW HITPOINT WARNING * * *
The hound barely misses you.
Your magical contamination has completely faded away.
You closely miss the hound. Your bite misses the hound.
The hound is almost dead.
The hound closely misses you. The hound bites you.
* * * LOW HITPOINT WARNING * * *
You hit the hound but do no damage. Your bite misses the hound.
The hound is almost dead.
The hound barely misses you.
You hit the hound but do no damage. You punch the hound, but do no damage.
The hound is almost dead.
The hound barely misses you. The hound bites you.
* * * LOW HITPOINT WARNING * * *
You hit the hound but do no damage.
The hound is almost dead.
The hound closely misses you.
Casting: Shock (safe; 3% risk of failure)
Confirm with . or Enter, or press ? or * to list all spells.
Aiming: Shock (safe; 3% risk of failure)
Press: ? - help, Shift-Dir - straight line You feel a surge of power!
The zap misses the hound.
The zap hits the hound.
The hound is almost dead.
The hound bites you.
* * * LOW HITPOINT WARNING * * *
The hound bites you.
You die...

∆ ##### #.@<#
#h###
#...........h.#
#+#...#.##.##.#
........# #
..... ...
....#.#.# ####
.... #.#..


You could see a hound.

Vanquished Creatures
  An ogre (D:5)
  A phantom (D:3)
  A scorpion (D:4)
  Jessica (D:2)
  An iguana (D:3)
  4 adders
  4 gnolls (D:2)
  A white imp (D:4)
  An ufetubus (D:4)
  3 dart slugs (D:2)
  3 orcs (D:3)
  6 endoplasms
  3 giant cockroaches
  7 hobgoblins
  5 jackals
  6 quokkas
  7 ball pythons
  5 bats
  5 frilled lizards
  6 goblins
  6 kobolds
  7 rats
84 creatures vanquished.

Notes
Turn   | Place    | Note
-------+----------+-------------------------------------------
     0 | D:1      | miscthings the Gnoll Wanderer began the quest for the Orb.
     0 | D:1      | miscthings set off with the following items: a +0 club, a
                  | scroll of blinking, a +0 ring mail; and the following
                  | spells available to memorise: Shock, Apportation, Teleport
                  | Other, Vhi's Electric Charge, Summon Lightning Spire.
     0 | D:1      | Reached XP level 1. HP: 13/13 MP: 4/4
     2 | D:1      | Learned a level 1 spell: Shock
   115 | D:1      | Reached XP level 2. HP: 19/19 MP: 3/5
   437 | D:1      | Reached XP level 3. HP: 25/25 MP: 1/7
  1016 | D:2      | Reached skill level 1 in Invocations
  1036 | D:2      | Learned a level 3 spell: Swiftness
  1073 | D:2      | Reached skill level 1 in Fighting
  1073 | D:2      | Reached skill level 1 in Short Blades
  1073 | D:2      | Reached skill level 1 in Long Blades
  1073 | D:2      | Reached skill level 1 in Axes
  1073 | D:2      | Reached skill level 1 in Maces & Flails
  1073 | D:2      | Reached skill level 1 in Polearms
  1073 | D:2      | Reached skill level 1 in Staves
  1073 | D:2      | Reached skill level 1 in Ranged Weapons
  1073 | D:2      | Reached skill level 1 in Throwing
  1073 | D:2      | Reached skill level 1 in Shields
  1073 | D:2      | Reached skill level 1 in Unarmed Combat
  1073 | D:2      | Reached skill level 1 in Evocations
  1090 | D:2      | Reached skill level 1 in Shapeshifting
  1090 | D:2      | Reached XP level 4. HP: 30/32 MP: 0/8
  1200 | D:2      | Reached skill level 1 in Conjurations
  1200 | D:2      | Reached skill level 1 in Hexes
  1200 | D:2      | Reached skill level 1 in Summonings
  1200 | D:2      | Reached skill level 1 in Necromancy
  1200 | D:2      | Reached skill level 1 in Transmutations
  1200 | D:2      | Reached skill level 1 in Fire Magic
  1200 | D:2      | Reached skill level 1 in Ice Magic
  1200 | D:2      | Reached skill level 1 in Earth Magic
  1200 | D:2      | Reached skill level 1 in Poison Magic
  1327 | D:2      | Found a hazy altar of Hepliaklqana.
  1361 | D:2      | Noticed Jessica
  1369 | D:2      | Killed Jessica
  1370 | D:2      | Reached XP level 5. HP: 30/37 MP: 1/9
  1465 | D:2      | Learned a level 4 spell: Airstrike
  1716 | D:3      | Found a stormy altar of Qazlal.
  2206 | D:3      | Noticed a phantom
  2210 | D:3      | Killed a phantom
  2211 | D:3      | Reached XP level 6. HP: 44/44 MP: 4/11
  2944 | D:5      | Entered Level 5 of the Dungeon
  3035 | D:5      | Reached XP level 7. HP: 20/50 MP: 2/12
  3055 | D:5      | Slain by a hound

Illustrated notes

Levels and vault maps discovered:
D:1:      dpeg_arrival_simpleton_c, layout_loops_ring, serial_rivers,
          chequers_serial_rivers_micro_e, chequers_serial_rivers_large_b,
          chequers_serial_rivers_large_a, chequers_serial_rivers_micro_e,
          chequers_serial_rivers_small_b
D:2:      layout_basic, basic_altar, grunt_ministairs_1, uniq_jessica
D:3:      minmay_chambers_of_twos, layout_basic, old_standard_altar
D:4:      layout_basic, corexii_shack
D:5:      layout_basic, mainiacjoe_overflow_alcove_2,
          chequers_temple_overflow_minitemple, kiku_gazebo_pond_becter,
          serial_demonic, serial_demonic_a, serial_demonic_g, serial_demonic_c,
          serial_demonic_g, serial_shops, nicolae_shop_trees, st_stairs_12,
          hangedman_abyss_or_decor_jellyfish_corner, uniq_ijyb

Skill      XL: |  1  2  3  4  5  6 |
---------------+-------------------+-----
Translocations | 2 |  2.8
Invocations    | 1 2 |  2.5
Fighting       | 1 2 |  2.2
Short Blades   | 1 2 |  2.2
Long Blades    | 1 2 |  2.2
Axes           | 1 2 |  2.2
Maces & Flails | 1 2 |  2.2
Polearms       | 1 2 |  2.2
Staves         | 1 2 |  2.2
Ranged Weapons | 1 2 |  2.2
Throwing       | 1 2 |  2.2
Shields        | 1 2 |  2.2
Unarmed Combat | 1 2 |  2.2
Evocations     | 1 2 |  2.2
Shapeshifting  | 1 2 |  2.0
Spellcasting   | 3 |  3.6
Conjurations   | 1 |  1.8
Hexes          | 1 |  1.8
Summonings     | 1 |  1.8
Necromancy     | 1 |  1.8
Transmutations | 1 |  1.8
Fire Magic     | 1 |  1.8
Ice Magic      | 1 |  1.8
Earth Magic    | 1 |  1.8
Poison Magic   | 1 |  1.8
Armour         | 3 |  3.4
Dodging        | 3 |  3.4
Stealth        | |  4.7
Air Magic      | |  7.3

Action                     |  1- 3 |  4- 6 |  7- 9 || total
---------------------------+-------+-------+-------++-------
  Melee: Club              |    16 |       |       ||    16
         Bite              |     4 |    10 |       ||    14
         Punch             |     1 |       |     1 ||     2
         Dagger            |    60 |    77 |       ||   137
         Staff             |       |    30 |     9 ||    39
   Cast: Shock             |    51 |    83 |     4 ||   138
         Airstrike         |       |     2 |       ||     2
    Use: Scroll            |       |     7 |       ||     7
   Stab: Sleeping          |     1 |       |       ||     1
 Armour: Ring mail         |    56 |    57 |       ||   113
         Robe              |       |    27 |    10 ||    37
  Dodge: Dodged            |    62 |   104 |    12 ||   178

Table legend: (Time is in decaauts)
 A = Elapsed time spent in this place.
 B = Non-inter-level travel time spent in this place.
 C = Inter-level travel time spent in this place.
 D = Time resting spent in this place.
 E = Time spent auto-exploring this place.
 F = Levels seen in this place.
 G = Mean time per level.
                   A        B        C        D        E       F      G
               +--------+--------+--------+--------+--------+-----+--------+
         Total |   3099 |   2858 |    241 |     66 |   1974 |   5 |  619.8 |
       Dungeon |   3099 |   2858 |    241 |     66 |   1974 |   5 |  619.8 |
               +--------+--------+--------+--------+--------+-----+--------+

Top non-repeatable levels by time:
     D:3: 1005 daAuts
     D:1: 964 daAuts
     D:2: 703 daAuts
     D:4: 389 daAuts
     D:5: 37 daAuts
